[Event "fics rated crazyhouse match"]
[Site "fics, Oklahoma City, OK USA"]
[Date "2000.11.16"]
[White "PJK"]
[WhiteElo "2261"]
[Black "tantheman"]
[BlackElo "2259"]
[TimeControl "60+0"]
[Result "0-1"]

1. Nf3 e6 2. Nc3 b6 3. d4 Bb7 4. e4 Nf6 5. Bd3 Bb4 6. e5 
Ng4 7. Bd2 Bxc3 8. Bxc3 O-O 9. O-O N@g5 10. B@h3 Nxf3+ 11. Qxf3 Bxf3 
12. gxf3 Nxh2 13. Kxh2 N@g5 14. B@g4 P@f5 15. f4 fxg4 16. fxg5 gxh3 17. Rg1 
B@f4+ 18. N@g3 Bxg3+ 19. Rxg3 B@f4 20. Bxh7+ Kxh7 21. g6+ fxg6 22. B@d3 Bxg3+ 
23. Kxg3 Q@g2# 
{PJK checkmated} 0-1

[Event "fics rated crazyhouse match"]
[Site "fics, Oklahoma City, OK USA"]
[Date "2000.11.16"]
[White "tantheman"]
[WhiteElo "2267"]
[Black "PJK"]
[BlackElo "2253"]
[TimeControl "60+0"]
[Result "0-1"]

1. e4 e6 2. Nc3 Nc6 3. Nf3 d5 4. e5 f5 5. d4 Bb4 6. Bb5 
Qe7 7. O-O Bd7 8. Bxc6 Bxc6 9. Bg5 Qd7 10. N@h5 B@f8 11. Qd3 Bxc3 
12. Qxc3 N@e4 13. Qe3 Bb5 14. Rfe1 h6 15. Bxh6 Nxh6 16. P@h3 B@f7 17. Qxe4 
Bxh5 18. Qh4 Bf7 19. N@g5 N@e4 20. Nxf7 Nxf7 21. B@h5 g6 22. Ng5 Nexg5 
23. B@f6 Rxh5 24. Bxg5 Nxg5 25. N@f6+ Kd8 26. Nxh5 N@f3+ 27. Kh1 Nxh4 28. Nf6 
B@f3 29. Rg1 Bxg2+ 30. Rxg2 P@f3 31. B@g1 fxg2# 
{tantheman checkmated} 0-1

[Event "fics rated crazyhouse match"]
[Site "fics, Oklahoma City, OK USA"]
[Date "2000.11.16"]
[White "PJK"]
[WhiteElo "2261"]
[Black "tantheman"]
[BlackElo "2259"]
[TimeControl "60+0"]
[Result "1-0"]

1. Nf3 e6 2. Nc3 b6 3. d4 Bb7 4. e4 Nf6 5. Bd3 Bb4 6. O-O 
Bxc3 7. bxc3 Nxe4 8. Bxe4 Bxe4 9. B@d3 Bxf3 10. Qxf3 B@c6 11. Qg3 N@h5 
12. Qe3 P@f4 13. Qe2 Qg5 14. B@f3 Bxf3 15. Qxf3 B@c6 16. B@e4 N@h4 17. Qh3 
f3 18. Bxc6 Qxg2+ 19. Qxg2 fxg2 20. Q@c8+ Q@d8 21. Qxd8+ Kxd8 22. Bg5+ P@f6 
23. N@b7+ Kc8 24. Bxg2 Nxg2 25. Nd6+ cxd6 26. P@b7+ Kxb7 27. B@f3+ B@c6 28. Bde4 
N@h4 29. Bxc6+ Nxc6 30. B@a6+ Kxa6 31. Q@e2+ B@b5 32. Bxh5 Nf3+ 33. Qxf3 Be2 
34. N@c7+ Kb7 35. Qxc6# 
{tantheman forfeits on time} 1-0

[Event "fics rated crazyhouse match"]
[Site "fics, Oklahoma City, OK USA"]
[Date "2000.11.16"]
[White "tantheman"]
[WhiteElo "2251"]
[Black "PJK"]
[BlackElo "2269"]
[TimeControl "60+0"]
[Result "0-1"]

1. e4 e5 2. Nc3 Nf6 3. Bc4 Bb4 4. d3 O-O 5. Nf3 d5 6. exd5 
Nxd5 7. Bd2 Bxc3 8. bxc3 P@f4 9. O-O Bg4 10. P@g3 fxg3 11. hxg3 P@e3 
12. fxe3 N@f5 13. e4 Nxg3 14. exd5 P@e2 15. P@h6 exd1=Q 16. Raxd1 Bxf3 17. hxg7 
Ne2+ 18. Kf2 Q@g3+ 19. Ke3 N@f5# 
{tantheman checkmated} 0-1

[Event "fics rated crazyhouse match"]
[Site "fics, Oklahoma City, OK USA"]
[Date "2000.11.16"]
[White "PJK"]
[WhiteElo "2277"]
[Black "tantheman"]
[BlackElo "2243"]
[TimeControl "60+0"]
[Result "0-1"]

1. e4 e6 2. Nc3 b6 3. Nf3 Bb7 4. d4 Nf6 5. Bd3 Bb4 6. Qe2 
d5 7. e5 Ne4 8. Bd2 Bxc3 9. bxc3 Nxd2 10. Nxd2 B@g6 11. N@h3 N@e4 
12. Bxe4 dxe4 13. N@f4 B@f5 14. Nxg6 hxg6 15. B@g5 Qd7 16. B@b5 c6 17. Nxe4 
Bxe4 18. Qxe4 cxb5 19. Qe2 Bxg2 20. Nf4 N@f3+ 21. Kd1 Nxg5 22. Nxg2 B@f3 
23. B@f1 Bxe2+ 24. Bxe2 N@b2+ 25. Ke1 P@f3 26. B@e4 fxe2 27. Ne3 Nxe4 28. Kxe2 
Q@d2+ 29. Kf3 Qxf2+ 30. Kxe4 B@d5+ 31. Nxd5 Qxd5# 
{PJK checkmated} 0-1

[Event "fics rated crazyhouse match"]
[Site "fics, Oklahoma City, OK USA"]
[Date "2000.11.16"]
[White "tantheman"]
[WhiteElo "2252"]
[Black "liveZ"]
[BlackElo "2331"]
[TimeControl "60+0"]
[Result "1-0"]

1. e4 e6 2. Nc3 Nc6 3. Nf3 Nf6 4. e5 Ng4 5. d4 d6 6. exd6 
Bxd6 7. Bd3 Bb4 8. P@h3 Nxf2 9. Kxf2 Nxd4 10. Nxd4 Qxd4+ 11. Be3 Qxe3+ 
12. Kxe3 Bxc3 13. bxc3 N@d5+ 14. Kf2 B@e3+ 15. Kf1 N@f2 16. Qh5 P@g6 17. Qf3 
P@f5 18. Bb5+ P@c6 19. B@b4 Nxb4 20. cxb4 Nxh1 21. N@f6+ gxf6 22. N@g7+ Kd8 
23. Qxe3 B@d5 24. B@d4 cxb5 25. Bxf6+ B@e7 26. Bxe7+ Kxe7 27. B@g5+ f6 28. Bxf6+ 
Kxf6 29. P@g5+ Ke7 30. Q@f6+ Kd7 31. Qexe6+ Bxe6 32. Qxe6+ Kd8 33. P@e7# 
{liveZ checkmated} 1-0

[Event "fics rated crazyhouse match"]
[Site "fics, Oklahoma City, OK USA"]
[Date "2000.11.16"]
[White "liveZ"]
[WhiteElo "2321"]
[Black "tantheman"]
[BlackElo "2262"]
[TimeControl "60+0"]
[Result "1-0"]

1. e4 e6 2. d4 b6 3. Nf3 Bb7 4. Bd3 Nf6 5. Bg5 Be7 6. Nc3 
d5 7. Bxf6 Bxf6 8. e5 Bg5 9. h4 Bf4 10. N@h5 Bh6 11. Ng5 Bxg5 
12. Nxg7+ Kf8 13. hxg5 h5 14. P@f6 B@b4 15. Nxh5 N@e4 16. Bxe4 dxe4 17. P@g7+ 
Ke8 18. gxh8=Q+ Kd7 19. Qxd8+ Kxd8 20. Ng7 Bxc3+ 21. bxc3 B@f4 22. Q@e8# 
{tantheman checkmated} 1-0

[Event "fics rated crazyhouse match"]
[Site "fics, Oklahoma City, OK USA"]
[Date "2000.11.16"]
[White "tantheman"]
[WhiteElo "2255"]
[Black "Gobi"]
[BlackElo "2281"]
[TimeControl "60+0"]
[Result "0-1"]

1. e4 e5 2. Nc3 Nc6 3. Bc4 Nf6 4. d3 Bc5 5. Nf3 O-O 6. O-O 
h6 7. Nd5 d6 8. Nxf6+ Qxf6 9. N@g4 Bxg4 10. Bd5 Bxf3 11. gxf3 Nd4 
12. B@g2 N@h4 13. Be3 Ndxf3+ 14. Bxf3 Nxf3+ 15. Kh1 P@g2+ 16. Kxg2 N@h4+ 17. Kg3 
B@f4+ 18. Kg4 Qg5+ 19. Kh3 Qg2# 
{tantheman checkmated} 0-1

[Event "fics rated crazyhouse match"]
[Site "fics, Oklahoma City, OK USA"]
[Date "2000.11.16"]
[White "Gobi"]
[WhiteElo "2288"]
[Black "tantheman"]
[BlackElo "2248"]
[TimeControl "60+0"]
[Result "0-1"]

1. e4 e6 2. d4 b6 3. Nc3 Bb7 4. Nf3 Nf6 5. Bd3 Bb4 6. Qe2 
d5 7. e5 Ne4 8. Bd2 Bxc3 9. Bxc3 N@f4 10. B@a4+ Kf8 11. Qf1 Nxc3 
12. bxc3 B@b2 13. Kd2 Bxa1 14. Qxa1 Ba6 15. B@g5 Qxg5 16. Nxg5 B@c6 17. Q@f3 
Bxd3 18. Qxf4 B@g6 19. cxd3 Bxa4 20. B@a3+ B@e7 21. Nxe6+ Ke8 22. Nxg7+ Kd8 
23. Bxe7+ Kxe7 24. Qf6+ Kd7 25. e6+ Kc8 26. P@d7+ Nxd7 27. N@c5 R@c2+ 28. Ke3 
B@d2# 
{Gobi forfeits on time} 0-1

[Event "fics rated crazyhouse match"]
[Site "fics, Oklahoma City, OK USA"]
[Date "2000.11.16"]
[White "tantheman"]
[WhiteElo "2257"]
[Black "Gobi"]
[BlackElo "2279"]
[TimeControl "60+0"]
[Result "0-1"]

1. e4 Nf6 2. Nc3 e5 3. Nf3 Nc6 4. Bc4 Be7 5. O-O O-O 6. d4 
exd4 7. Nxd4 P@b4 8. Nxc6 bxc6 9. Ne2 Nxe4 10. P@h6 d5 11. hxg7 Kxg7 
12. N@h5+ Kg8 13. Qd4 N@f5 14. Bxd5 cxd5 15. P@g7 Re8 16. Qe5 B@g4 17. Qxf5 
Bxh5 18. N@h6+ Kxg7 19. Qxh5 P@g6 20. B@d4+ P@f6 21. Qf3 P@g5 22. P@f5 Kxh6 
23. fxg6 hxg6 24. h4 P@g4 25. hxg5+ fxg5 26. Qe3 N@f5 27. Qd2 Nxd4 28. Nxd4 
N@f3+ 29. gxf3 gxf3 30. Kh2 P@g3+ 31. fxg3 Qd6 32. Rh1 Qxg3# 
{tantheman checkmated} 0-1

[Event "fics rated crazyhouse match"]
[Site "fics, Oklahoma City, OK USA"]
[Date "2000.11.16"]
[White "Gobi"]
[WhiteElo "2286"]
[Black "tantheman"]
[BlackElo "2250"]
[TimeControl "60+0"]
[Result "0-1"]

1. e4 e6 2. d4 b6 3. Nd2 Bb7 4. Bd3 Nf6 5. Ngf3 d5 6. e5 
Ne4 7. O-O c5 8. dxc5 Nxc5 9. P@d6 Bxd6 10. exd6 Qxd6 11. B@e5 Qe7 
12. Bxg7 Rg8 13. P@f6 Qc7 14. Bxh7 Rxg7 15. fxg7 B@g8 16. Bxg8 Nbd7 17. Bh7 
O-O-O 18. P@e7 Re8 19. R@f8 Nxf8 20. exf8=Q Rxf8 21. gxf8=Q+ R@d8 22. N@e7+ Kb8 
23. R@e8 Rxe8 24. Qxe8+ R@d8 25. B@e5 P@d6 26. Qxf7 dxe5 27. Nxe5 Qxe5 28. Nf3 
N@e2+ 29. Qxe2 Qxe2 30. Bf4+ P@e5 31. N@c6+ Ka8 32. Nxd8 Qxf1+ 33. Rxf1 B@c7 
{Gobi forfeits on time} 0-1

[Event "fics rated crazyhouse match"]
[Site "fics, Oklahoma City, OK USA"]
[Date "2000.11.16"]
[White "tantheman"]
[WhiteElo "2259"]
[Black "Gobi"]
[BlackElo "2277"]
[TimeControl "60+0"]
[Result "0-1"]

1. e4 d6 2. Nc3 Nf6 3. Nf3 a6 4. d4 Bg4 5. Bd3 e5 6. dxe5 
dxe5 7. P@h3 Bxf3 8. Qxf3 Nc6 9. Nd5 Nxd5 10. exd5 Nd4 11. Qe4 P@f6 
12. O-O N@c5 13. Qh4 N@f3+ 14. gxf3 Nxf3+ 15. Kh1 P@g2+ 16. Kxg2 Nxh4+ 17. Kg3 
Q@g2+ 18. Kxh4 g5+ 19. Kh5 Qxh3# 
{tantheman resigns} 0-1

[Event "fics rated crazyhouse match"]
[Site "fics, Oklahoma City, OK USA"]
[Date "2000.11.16"]
[White "Gobi"]
[WhiteElo "2285"]
[Black "tantheman"]
[BlackElo "2251"]
[TimeControl "60+0"]
[Result "0-1"]

1. e4 e6 2. Nf3 d5 3. Nc3 dxe4 4. Nxe4 Nc6 5. d3 P@f6 6. Be2 
Bd6 7. O-O Nge7 8. P@h6 gxh6 9. Nxf6+ Kf8 10. Bxh6+ P@g7 11. Nh5 Nf5 
12. P@f6 gxh6 13. P@g7+ Kg8 14. gxh8=Q+ Kxh8 15. d4 B@f8 16. d5 exd5 17. Qxd5 
P@g6 18. P@g7+ Nxg7 19. fxg7+ Bxg7 20. Nxg7 Kxg7 21. B@c3+ P@e5 22. Nxe5 P@f6 
23. Nxc6 bxc6 24. Qf3 N@h4 25. Qe3 N@f4 26. N@e8+ Kg8 
{Gobi forfeits on time} 0-1

[Event "fics rated crazyhouse match"]
[Site "fics, Oklahoma City, OK USA"]
[Date "2000.11.16"]
[White "tantheman"]
[WhiteElo "2260"]
[Black "Gobi"]
[BlackElo "2276"]
[TimeControl "60+0"]
[Result "1-0"]

1. e4 Nf6 2. Nc3 d5 3. exd5 Nxd5 4. Nxd5 Qxd5 5. Nf3 Bg4 6. Be2 
Nd7 7. d4 e6 8. N@f4 Qf5 9. P@h3 Bxf3 10. Bxf3 N@b4 11. B@e4 Qa5 
12. O-O P@d5 13. Bd2 dxe4 14. Bxe4 Bd6 15. Bxb7 Rb8 16. Bc6 Nxc6 17. Bxa5 
Bxf4 18. P@g3 Bd6 19. P@c5 Nxa5 20. cxd6 cxd6 21. B@c7 Rb5 22. Q@d8# 
{Gobi checkmated} 1-0

[Event "fics rated crazyhouse match"]
[Site "fics, Oklahoma City, OK USA"]
[Date "2000.11.16"]
[White "Gobi"]
[WhiteElo "2268"]
[Black "tantheman"]
[BlackElo "2268"]
[TimeControl "60+0"]
[Result "0-1"]

1. e3 e6 2. b3 b6 3. Bb2 Nf6 4. Nf3 Be7 5. Be2 O-O 6. O-O 
Bb7 7. d3 c5 8. Nbd2 d5 9. Ne5 d4 10. e4 Nbd7 11. Ndc4 Nxe5 
12. Nxe5 N@f4 13. Bf3 Bd6 14. Nc4 Bc7 15. e5 Bxf3 16. Qxf3 N6d5 17. B@d6 
Bxd6 18. exd6 B@e2 19. Qe4 B@f5 20. Qe5 f6 21. N@e7+ Kh8 22. Qxd5 exd5 
23. Nxf5 Bxf1 24. Rxf1 Q@g6 25. N@h4 Qg4 26. Nd2 Nh3+ 27. Kh1 R@g1+ 28. Rxg1 
Nxf2# 
{Gobi checkmated} 0-1

[Event "fics rated crazyhouse match"]
[Site "fics, Oklahoma City, OK USA"]
[Date "2000.11.16"]
[White "tantheman"]
[WhiteElo "2276"]
[Black "Gobi"]
[BlackElo "2260"]
[TimeControl "60+0"]
[Result "0-1"]

1. e4 Nf6 2. Nc3 e5 3. Nf3 Nc6 4. Bb5 Bc5 5. O-O O-O 6. Bxc6 
dxc6 7. Nxe5 B@d4 8. P@f4 Bxc3 9. dxc3 Bxf2+ 10. Kxf2 Qxd1 11. N@e7+ Kh8 
12. Rxd1 Nxe4+ 13. Kg1 N@e2+ 14. Kf1 Q@f2# 
{tantheman checkmated} 0-1

[Event "fics rated crazyhouse match"]
[Site "fics, Oklahoma City, OK USA"]
[Date "2000.11.16"]
[White "Gobi"]
[WhiteElo "2268"]
[Black "tantheman"]
[BlackElo "2268"]
[TimeControl "60+0"]
[Result "0-1"]

1. e4 e6 2. d4 b6 3. Bd3 Bb7 4. Qe2 Nf6 5. Nf3 d5 6. e5 
Ne4 7. O-O Be7 8. Nbd2 Nxd2 9. Bxd2 N@e4 10. Be3 h5 11. h3 h4 
12. Rac1 Nxf2 13. Qxf2 P@e4 14. Nxh4 Rf8 15. Bb5+ c6 16. P@d6 cxb5 17. N@c7+ 
Kd7 18. dxe7 Qxe7 19. B@d6 Qxd6 20. exd6 Nc6 21. N@e5+ Nxe5 22. Q@e7+ Kc6 
23. dxe5 P@c5 24. Nxb5 B@d8 25. Kh1 Bxe7 26. N@d4+ Kd7 
{Gobi forfeits on time} 0-1

[Event "fics rated crazyhouse match"]
[Site "fics, Oklahoma City, OK USA"]
[Date "2000.11.16"]
[White "tantheman"]
[WhiteElo "2276"]
[Black "Gobi"]
[BlackElo "2260"]
[TimeControl "60+0"]
[Result "0-1"]

1. e4 Nf6 2. Nc3 e5 3. Nf3 Nc6 4. Bb5 Bc5 5. O-O O-O 6. d3 
d6 7. Be3 Nd4 8. Bxd4 exd4 9. Nd5 Nxd5 10. exd5 N@f4 11. Re1 Nxd5 
12. N@g5 B@f6 13. Nxh7 Kxh7 14. P@g5 Bxg5 15. Nxg5+ Qxg5 16. B@e4+ P@g6 17. N@h3 
Bxh3 18. Bxd5 Qxd5 19. N@f4 Bxg2 20. Nxd5 B@f3 21. Qxf3 Bxf3 22. Q@h3+ Q@h5 
23. Qxh5+ gxh5 24. Q@f5+ Q@g6+ 25. Qxg6+ fxg6 26. B@g2 N@h3+ 27. Kf1 Q@g1# 
{tantheman checkmated} 0-1

[Event "fics rated crazyhouse match"]
[Site "fics, Oklahoma City, OK USA"]
[Date "2000.11.16"]
[White "Gobi"]
[WhiteElo "2268"]
[Black "tantheman"]
[BlackElo "2268"]
[TimeControl "60+0"]
[Result "1-0"]

1. Nc3 e6 2. e3 b6 3. Nf3 Bb7 4. d4 Nf6 5. Bd3 c5 6. dxc5 
Bxc5 7. Nb5 P@c7 8. O-O O-O 9. P@e5 Ng4 10. e4 Nxf2 11. Rxf2 Bxf2+ 
12. Kxf2 P@g4 13. B@g5 gxf3 14. Bxd8 Rxd8 15. Qxf3 B@g6 16. Bg5 Rf8 17. P@h6 
gxh6 18. N@e7+ Kh8 19. Bf6+ P@g7 20. Bxg7+ Kxg7 21. Qf6# 
{tantheman checkmated} 1-0

[Event "fics rated crazyhouse match"]
[Site "fics, Oklahoma City, OK USA"]
[Date "2000.11.16"]
[White "tantheman"]
[WhiteElo "2260"]
[Black "Gobi"]
[BlackElo "2276"]
[TimeControl "60+0"]
[Result "0-1"]

1. e4 Nf6 2. Nc3 e5 3. Nf3 Nc6 4. Bc4 Bc5 5. O-O d6 6. d3 
O-O 7. Bg5 Nd4 8. Nxd4 Bxd4 9. Nd5 Nxd5 10. Bxd8 Nf4 11. N@g5 Be6 
12. Bxe6 fxe6 13. Be7 B@e2 14. Bxf8 Rxf8 15. B@f7+ Kh8 16. Bxe6 Nxe6 17. Nxe6 
Bxd1 18. Nxf8 N@h3+ 19. gxh3 N@f3+ 20. Kh1 B@g2+ 21. Kxg2 Nh4+ 22. Kg3 Q@g2+ 
23. Kxh4 B@g5# 
{tantheman checkmated} 0-1

[Event "fics rated crazyhouse match"]
[Site "fics, Oklahoma City, OK USA"]
[Date "2000.11.16"]
[White "Gobi"]
[WhiteElo "2284"]
[Black "tantheman"]
[BlackElo "2252"]
[TimeControl "60+0"]
[Result "1-0"]

1. d3 e6 2. e4 b6 3. Nc3 Bb7 4. Nf3 Nf6 5. Be2 c5 6. O-O 
Nc6 7. Bf4 Be7 8. Ne5 Nxe5 9. Bxe5 O-O 10. N@d6 Bxd6 11. Bxd6 Nh5 
12. B@e7 Qxe7 13. Bxe7 Nf4 14. Bd6 Nxe2+ 15. Qxe2 B@g5 16. Qg4 B@f6 17. e5 
N@h6 18. exf6 Nxg4 19. N@e7+ Kh8 20. fxg7+ Kxg7 21. B@h3 P@d4 22. Bxg4 N@f4 
23. Bxf4 Bf6 24. N@h5+ Kh8 25. Nxf6 Q@g7 26. B@h6 Qxg4 27. Nxg4 
{tantheman forfeits on time} 1-0

[Event "fics rated crazyhouse match"]
[Site "fics, Oklahoma City, OK USA"]
[Date "2000.11.16"]
[White "tantheman"]
[WhiteElo "2245"]
[Black "Gobi"]
[BlackElo "2291"]
[TimeControl "60+0"]
[Result "1-0"]

1. e4 Nc6 2. Nc3 Nf6 3. Nf3 e5 4. Bc4 Bc5 5. O-O O-O 6. d3 
d6 7. Bg5 Bg4 8. Nd5 Nxd5 9. Bxd8 Nf4 10. Ng5 Bxd1 11. Raxd1 Raxd8 
12. B@f5 B@g6 13. Bxg6 Nxg6 14. Nxf7 Rxf7 15. Bxf7+ Kxf7 16. B@d5+ Kf6 17. Q@f5+ 
Ke7 18. Qf7# 
{Gobi checkmated} 1-0

[Event "fics rated crazyhouse match"]
[Site "fics, Oklahoma City, OK USA"]
[Date "2000.11.16"]
[White "Gobi"]
[WhiteElo "2282"]
[Black "tantheman"]
[BlackElo "2254"]
[TimeControl "60+0"]
[Result "1-0"]

1. d4 e6 2. Bf4 b6 3. e3 Bb7 4. Nf3 Nf6 5. Be2 Nd5 6. Bg3 
Bd6 7. O-O Bxg3 8. hxg3 O-O 9. c4 Nf6 10. Nc3 Ng4 11. B@h5 B@f5 
12. e4 Bbxe4 13. Nxe4 Bxe4 14. Bxg4 N@h6 15. Nd2 Bxg2 16. Kxg2 P@f5 17. Bgf3 
P@g4 18. Bxa8 Nc6 19. Bxc6 dxc6 20. B@e3 B@h3+ 21. Kh2 Bxf1 22. Bxf1 Qf6 
23. B@g5 Qg6 24. N@e7+ Kh8 25. Nxg6+ hxg6 26. Bxh6 gxh6 27. B@f6+ B@g7 28. Bxg7+ 
Kxg7 29. Bxh6+ Kxh6 30. P@g5+ Kg7 31. Q@h6+ Kg8 32. N@f6# 
{tantheman checkmated} 1-0

[Event "fics rated crazyhouse match"]
[Site "fics, Oklahoma City, OK USA"]
[Date "2000.11.16"]
[White "tantheman"]
[WhiteElo "2247"]
[Black "Gobi"]
[BlackElo "2289"]
[TimeControl "60+0"]
[Result "1-0"]

1. e4 e5 2. Nc3 Nf6 3. Bc4 Be7 4. d3 O-O 5. f4 exf4 6. Bxf4 
d6 7. P@h6 Ng4 8. Nh3 Nxh6 9. Bxh6 gxh6 10. N@h5 B@g4 11. O-O Bxd1 
12. Raxd1 Bxh3 13. gxh3 N@g5 14. B@g7 Nxh3+ 15. Kh1 Q@g4 16. B@f3 Qxh5 17. Bxh5 
N@f2+ 18. Kg2 Kxg7 19. Rxf2 P@g6 20. Bxf7 Rxf7 21. Rxf7+ Kxf7 22. P@e6+ Kxe6 
23. N@d4+ Kf6 24. Rf1+ Kg7 25. Q@f7+ Kh8 26. R@g8# 
{Gobi forfeits on time} 1-0

[Event "fics rated crazyhouse match"]
[Site "fics, Oklahoma City, OK USA"]
[Date "2000.11.16"]
[White "Gobi"]
[WhiteElo "2280"]
[Black "tantheman"]
[BlackElo "2256"]
[TimeControl "60+0"]
[Result "0-1"]

1. Nf3 e6 2. e4 b6 3. d4 Bb7 4. Bd3 Nf6 5. Qe2 Be7 6. O-O 
O-O 7. c4 c5 8. d5 exd5 9. exd5 P@e6 10. P@e5 exd5 11. exf6 Bxf6 
12. Nc3 d4 13. Nd5 Bxd5 14. cxd5 Re8 15. B@e4 P@f5 16. N@d6 fxe4 17. Bxe4 
B@g6 18. Nxe8 Qxe8 19. Bxg6 Qxe2 20. P@b7 Qxf1+ 21. Kxf1 Q@d1+ 22. R@e1 P@e2+ 
23. Kg1 R@f1+ 24. Rxf1 exf1=Q# 
{Gobi checkmated} 0-1

[Event "fics rated crazyhouse match"]
[Site "fics, Oklahoma City, OK USA"]
[Date "2000.11.16"]
[White "tantheman"]
[WhiteElo "2265"]
[Black "Gobi"]
[BlackElo "2271"]
[TimeControl "60+0"]
[Result "1-0"]

1. e4 Nf6 2. Nc3 e5 3. Nf3 Nc6 4. Bc4 Bc5 5. O-O Ng4 6. d3 
O-O 7. Bg5 Nxf2 8. Rxf2 Qxg5 9. Nxg5 Bxf2+ 10. Kxf2 B@h4+ 11. B@g3 Bxg5 
12. N@f5 d6 13. Qh5 Bxf5 14. Qxg5 N@g4+ 15. Kg1 P@f2+ 16. Bxf2 Nxf2 17. Kxf2 
N@g4+ 18. Kg1 B@e3+ 19. Qxe3 Nxe3 20. B@f3 Bg4 21. P@f6 Q@h6 22. B@g3 Bxf3 
23. gxf3 
{Gobi forfeits on time} 1-0

[Event "fics rated crazyhouse match"]
[Site "fics, Oklahoma City, OK USA"]
[Date "2000.11.16"]
[White "Gobi"]
[WhiteElo "2263"]
[Black "tantheman"]
[BlackElo "2273"]
[TimeControl "60+0"]
[Result "0-1"]

1. Nf3 e6 2. c4 b6 3. Nc3 Bb7 4. d3 Nf6 5. Bd2 Bc5 6. e3 
d5 7. d4 Bb4 8. Ne5 O-O 9. cxd5 exd5 10. P@f3 Bxc3 11. Bxc3 P@e4 
12. B@h4 Nbd7 13. Nxd7 Nxd7 14. Bxd8 Raxd8 15. fxe4 dxe4 16. P@e7 B@h4 17. exf8=Q+ 
Rxf8 18. N@f5 Bf6 19. d5 Bxc3+ 20. bxc3 B@f6 21. B@d4 P@e5 22. Bb5 exd4 
23. Bxd7 dxc3 24. O-O B@g5 25. N@h5 P@e7 26. Qg4 P@g6 27. Nxf6+ exf6 28. Qxg5 
fxg5 29. Ne7+ Kh8 30. B@e5 f6 31. Kh1 fxe5 
{Gobi forfeits on time} 0-1

[Event "fics rated crazyhouse match"]
[Site "fics, Oklahoma City, OK USA"]
[Date "2000.11.16"]
[White "tantheman"]
[WhiteElo "2281"]
[Black "Gobi"]
[BlackElo "2255"]
[TimeControl "60+0"]
[Result "1-0"]

1. e4 Nc6 2. Nc3 Nf6 3. Nf3 e6 4. e5 Ng4 5. d4 d6 6. exd6 
cxd6 7. Bd3 Be7 8. O-O Bf6 9. P@h3 Nxf2 10. Rxf2 Nxd4 11. Nxd4 Bxd4 
12. N@h5 Bxf2+ 13. Kxf2 Qh4+ 14. B@g3 N@h1+ 15. Qxh1 Qxh5 16. N@f4 Qc5+ 17. Be3 
Qxe3+ 18. Kxe3 B@b6+ 19. Ke2 N@d4+ 20. Kd2 P@e3+ 21. Kxe3 Nxc2+ 22. Kd2 Nxa1 
23. Qxa1 P@e3+ 24. Kd1 R@d2+ 25. Kc1 P@g5 26. N@h5 Rg8 27. N@f6+ gxf6 28. Nxf6+ 
Kd8 29. P@e7+ Kc7 30. Nb5+ Kb8 31. Q@f3 R@d1+ 32. Qxd1 Rxd1+ 33. Kc2 Q@d2+ 
34. Kb3 N@c5+ 35. Kc4 Qxd3+ 36. Kb4 Qxb5+ 37. Kc3 
{Gobi forfeits on time} 1-0

[Event "fics rated crazyhouse match"]
[Site "fics, Oklahoma City, OK USA"]
[Date "2000.11.16"]
[White "Gobi"]
[WhiteElo "2248"]
[Black "tantheman"]
[BlackElo "2288"]
[TimeControl "120+0"]
[Result "1-0"]

1. e4 e6 2. d4 b6 3. Bd3 Bb7 4. Nf3 Nf6 5. Qe2 d5 6. e5 
Ne4 7. O-O Be7 8. Nbd2 Nxd2 9. Bxd2 N@e4 10. Bf4 O-O 11. c4 Nd7 
12. cxd5 exd5 13. N@f5 Ng5 14. Nxe7+ Qxe7 15. Nxg5 f6 16. Bxh7+ Kh8 17. N@g6# 
{tantheman checkmated} 1-0

[Event "fics rated crazyhouse match"]
[Site "fics, Oklahoma City, OK USA"]
[Date "2000.11.16"]
[White "tantheman"]
[WhiteElo "2279"]
[Black "Gobi"]
[BlackElo "2257"]
[TimeControl "120+0"]
[Result "1-0"]

1. e4 Nf6 2. Nc3 e6 3. Nf3 Nc6 4. d4 d5 5. exd5 exd5 6. Bb5 
Be6 7. Qe2 Be7 8. Ne5 P@d7 9. Bxc6 dxc6 10. P@h6 Rg8 11. hxg7 Rxg7 
12. Rg1 B@h5 13. P@f3 P@e4 14. Bh6 exf3 15. Bxg7 fxe2 16. R@h8+ Q@g8 17. Rxg8+ 
Nxg8 18. N@f4 R@g5 19. Bh6 Nxh6 20. Nxh5 Rxh5 21. B@g7 N@g6 22. Bxh6 Rxh6 
23. N@g7+ Kf8 24. Nxe6+ Ke8 25. Q@g8+ Bf8 26. Qxf7# 
{Gobi checkmated} 1-0

[Event "fics rated crazyhouse match"]
[Site "fics, Oklahoma City, OK USA"]
[Date "2000.11.16"]
[White "Gobi"]
[WhiteElo "2250"]
[Black "tantheman"]
[BlackElo "2286"]
[TimeControl "120+0"]
[Result "1-0"]

1. e4 e6 2. d4 b6 3. Bd3 Bb7 4. Nf3 Nf6 5. Qe2 d5 6. Nc3 
dxe4 7. Nxe4 Nxe4 8. Bxe4 Bxe4 9. Qxe4 B@d5 10. B@a4+ c6 11. Qf4 Bd6 
12. P@e5 N@g6 13. exd6 Nxf4 14. Bxf4 Bxf3 15. B@f1 P@e2 16. Bxe2 Bxe2 17. Kxe2 
B@a6+ 18. P@d3 Q@e4+ 19. B@e3 Qxg2 20. N@c7+ Qxc7 21. dxc7 O-O 22. Rhg1 P@f3+ 
23. Kd2 N@e4+ 24. dxe4 N@c4+ 25. Kc3 Qxg1 26. Rxg1 R@g6 27. N@e7+ Kh8 28. Rxg6 
hxg6 29. R@h7+ Kxh7 30. N@g5+ Kh6 31. Q@h7# 
{tantheman checkmated} 1-0

[Event "fics rated crazyhouse match"]
[Site "fics, Oklahoma City, OK USA"]
[Date "2000.11.16"]
[White "tantheman"]
[WhiteElo "2277"]
[Black "Gobi"]
[BlackElo "2259"]
[TimeControl "120+0"]
[Result "1-0"]

1. e4 Nf6 2. Nc3 e5 3. Nf3 Nc6 4. Bc4 Bc5 5. O-O O-O 6. d3 
h6 7. Nd5 d6 8. Nxf6+ Qxf6 9. N@h5 Qd8 10. Bxh6 gxh6 11. P@g6 B@e6 
12. Nxe5 Nxe5 13. Bxe6 N@g7 14. P@h7+ Kh8 15. B@f6 Qxf6 16. Nxf6 Bxe6 17. Q@g8# 
{Gobi resigns} 1-0

[Event "fics rated crazyhouse match"]
[Site "fics, Oklahoma City, OK USA"]
[Date "2000.11.16"]
[White "Gobi"]
[WhiteElo "2251"]
[Black "tantheman"]
[BlackElo "2285"]
[TimeControl "120+0"]
[Result "0-1"]

1. e4 e6 2. d4 b6 3. Bd3 Bb7 4. Ne2 Nf6 5. Ng3 Be7 6. Nd2 
O-O 7. Nf3 c5 8. dxc5 bxc5 9. O-O Nc6 10. c3 d5 11. e5 Nxe5 
12. Nxe5 P@e4 13. P@a6 exd3 14. axb7 P@e2 15. Qxd3 exf1=Q+ 16. Qxf1 Rb8 17. Nc6 
Qc7 18. Nxb8 Rxb8 19. N@a6 B@c4 20. Nxc7 Bxf1 21. R@c8+ R@d8 22. Rxb8 N@f3+ 
23. Kxf1 Q@e1# 
{Gobi checkmated} 0-1

[Event "fics rated crazyhouse match"]
[Site "fics, Oklahoma City, OK USA"]
[Date "2000.11.17"]
[White "Flesh"]
[WhiteElo "2316"]
[Black "AngelicK"]
[BlackElo "2309"]
[TimeControl "60+0"]
[Result "1-0"]

1. e4 e6 2. d4 Nc6 3. Nc3 Nf6 4. Bg5 Be7 5. Bxf6 Bxf6 6. Nf3 
d6 7. Bb5 Bd7 8. Bxc6 Bxc6 9. e5 Be7 10. exd6 cxd6 11. P@e5 P@c7 
12. exd6 cxd6 13. P@e5 P@g4 14. exd6 Bxd6 15. P@e5 gxf3 16. exd6 fxg2 17. Rg1 
B@b4 18. N@c7+ Qxc7 19. dxc7 N@h4 20. B@e2 B@a5 21. N@b8 Bxc7 22. Nxc6 bxc6 
23. B@g5 Bxc3+ 24. bxc3 N@f5 25. B@e4 P@f6 26. Bxf5 Nxf5 27. Bf3 P@d7 28. Bxg2 
B@b2 29. Q@b4 Bxa1 30. Qxa1 R@b5 31. Qxb5 cxb5 32. P@b7 Rb8 33. R@c8+ N@d8 
34. Rxb8 Bxb8 35. N@c8 O-O 36. Qc1 fxg5 37. Qxg5 R@g6 38. Ne7+ Nxe7 39. Qxe7 
Q@c1+ 40. R@d1 B@d2+ 41. Ke2 N@c4 42. Kd3 N@b2+ 43. Ke4 P@f5+ 44. Kf3 Qxd1+ 
45. N@e2 
{AngelicK forfeits on time} 1-0

[Event "fics rated crazyhouse match"]
[Site "fics, Oklahoma City, OK USA"]
[Date "2000.11.17"]
[White "AngelicK"]
[WhiteElo "2301"]
[Black "Flesh"]
[BlackElo "2324"]
[TimeControl "60+0"]
[Result "0-1"]

1. d3 d5 2. Nf3 e5 3. Nc3 Nc6 4. e4 Nf6 5. exd5 Nxd5 6. Nxd5 
Qxd5 7. N@e3 Qd8 8. Nc4 Bd6 9. P@b5 Nd4 10. Nfxe5 Bxe5 11. Nxe5 Qe7 
12. P@e4 Qxe5 13. B@c3 P@c5 14. Be3 N@g4 15. Bcxd4 cxd4 16. N@f3 Nxe3 17. fxe3 
dxe3 18. Nxe5 B@f2+ 19. Ke2 N@d4# 
{AngelicK checkmated} 0-1